Login

San Jose Sharks vs Chicago Blackhawks

Created - 15 April 2024 at 23:08

Goals
1 2 3 T
San Jose Sharks 0 3 3 6
Chicago Blackhawks 0 2 0 2
Shots
1 2 3 T
San Jose Sharks 10 20 9 39
Chicago Blackhawks 9 17 12 38

GoalsPenalties
1st period
No Goal
No Penalty
2nd period
1. Chicago Blackhawks , Taylor Hall 7 (Blake Wheeler 6, Patrick Kane 10) at 2:36
2. San Jose Sharks , Mikael Granlund 5 (Danil Gushchin 10, Ethan Bear 2) at 5:41
3. Chicago Blackhawks , Sam Bennett 5 (Patrik Nemeth 3) at 6:15
4. San Jose Sharks , Fabian Zetterlund 3 (Marc-Edouard Vlasic 3, Mike Hoffman 3) at 13:18
5. San Jose Sharks , Alexander Barabanov 8 (Kevin Labanc 2) at 13:32
Nick Foligno (CHI) for Holding (Minor) at 11:05
3rd period
6. San Jose Sharks , Filip Zadina 4 (Mike Hoffman 4, Fabian Zetterlund 5) at 5:18
7. San Jose Sharks , Marc-Edouard Vlasic 1 (Alexander Barabanov 11, Kevin Labanc 3) at 16:59 (PP)
8. San Jose Sharks , Logan Couture 5 (Rasmus Dahlin 8) at 18:40 (PP)
Connor Murphy (CHI) for Slashing (Minor) at 2:52
Corey Perry (CHI) for Tripping (Minor) at 10:05
Corey Perry (CHI) for Tripping (Minor) at 12:50
Patrik Nemeth (CHI) for Hooking (Minor) at 16:42
Corey Perry (CHI) for Hooking (Minor) at 18:34
Goalie Stats
Kaapo Kahkonen (SJS), 36 saves from 38 shots - (0.947), W, 5-4-0, 60:00 minutes
David Rittich (CHI), 33 saves from 39 shots - (0.846), L, 1-3-2, 60:00 minutes
3 StarsOfficial
1 - Fabian Zetterlund (SJS)
2 - Kaapo Kahkonen (SJS)
3 - Alexander Barabanov (SJS)
Referees : Steve Kozari and Andrew Howard
Linesman : Kelsey Mahoney and Matt MacPherson
Game Note
No Game Note
Finance
Level 1 -- Attendance: 5211 (86.85%) -- Ticket Income $521,100
Level 2 -- Attendance: 4682 (93.64%) -- Ticket Income $280,920
Level 3 -- Attendance: 1506 (75.30%) -- Ticket Income $52,710
Level 4 -- Attendance: 3023 (75.58%) -- Ticket Income $75,575
Luxury Box -- Attendance: 888 (88.80%) -- Ticket Income $177,600
Game was played at the United Center.
Total Attendance: 15310 (85.06%)
Total Ticket Income: $1,107,905
Other Income: $542,873
Total Income: $1,650,778



Team Name Goals Shots Shots Attemp Shots Blocked PIM HIT PP PK FO%
San Jose Sharks 6396770222 / 6 (33%)053%
Chicago Blackhawks 238681112170 / 0 (0.00%247%

San Jose Sharks
Player Name POS G A P +/- PIM HIT SHT SB MP PP MP PP SHT PK MP PK SHT FO% FOT GA TA
Alexander BarabanovLW1121003024:584:5200:00025% 400
Danil GushchinLW0110025019:453:1800:0000% 120
Ethan BearD0111000120:202:4900:0000% 002
Fabian ZetterlundLW1121014114:360:0000:0000% 200
Filip ZadinaRW1011003014:360:0000:0000% 000
Givani SmithRW000001005:260:0000:0000% 000
Jan RuttaD0001002015:110:0000:0000% 000
Jesse YlonenRW0000031019:453:1800:0000% 010
Kevin LabancRW0221031020:295:0110:00050% 600
Logan CoutureC1011015020:135:0120:00058% 3310
Luke KuninC000000000:000:0000:0000% 000
Marc-Edouard VlasicD1120012124:295:3020:0000% 001
Mario FerraroD0001011020:202:4900:0000% 000
Mikael GranlundC1010012019:453:1800:00058% 1200
Mike HoffmanC0221016015:010:0900:00067% 610
Nico SturmC000001205:260:0000:0000% 000
Nikita OkhotiukD0001010215:110:0000:0000% 001
Rasmus DahlinD0110052224:295:3010:0000% 011
Chicago Blackhawks
Player Name POS G A P +/- PIM HIT SHT SB MP PP MP PP SHT PK MP PK SHT FO% FOT GA TA
Blake WheelerRW011-1011015:290:0000:00050% 210
Boris KatchoukLW0000014013:360:0004:5500% 100
Connor MurphyD000-2210219:150:0000:0000% 002
Corey PerryRW000-1621012:030:0000:3800% 000
Jarred TinordiD0000013119:530:0003:0800% 011
Jonatan BerggrenRW000000408:410:0000:0000% 100
Kevin StenlundC0000013013:340:0004:53043% 1400
Nick BlankenburgD0001001220:010:0003:5500% 000
Nick FolignoLW0000210116:030:0000:0700% 101
Nikita ZaitsevD0000001120:570:0005:1100% 000
Patrick KaneRW0111002015:430:0000:000100% 110
Patrik NemethD011-1230020:480:0004:2400% 001
Philipp KurashevC000-1032114:020:0002:34055% 1110
Robby FabbriLW000-2004014:270:0002:3900% 110
Sam BennettC1010024216:550:0000:52053% 1700
Seth JonesD000-2012119:100:0000:0000% 000
Taylor HallLW101-1003015:290:0000:0000% 001
Tyler JohnsonC000-1003015:290:0000:00047% 1500

San Jose Sharks

5 vs 5 Forward
Line #Left WingCenterRight WingPHYDFOFWanted %Time %Time Play
1Alexander BarabanovLogan CoutureKevin Labanc1223529%15:12
2Danil GushchinMikael GranlundJesse Ylonen1223032%16:27
3Fabian ZetterlundMike HoffmanFilip Zadina1222328%14:36
4Alexander BarabanovNico SturmGivani Smith1221211%5:26
5 vs 5 Defense
Line #DefenseDefensePHYDFOFWanted %Time %Time Play
1Rasmus DahlinMarc-Edouard Vlasic1223231%16:13
2Mario FerraroEthan Bear1223234%17:31
3Jan RuttaNikita Okhotiuk1222929%15:11
4Rasmus DahlinMarc-Edouard Vlasic12275%2:46
Power Play Forward
Line #Left WingCenterRight WingPHYDFOFWanted %Time %Time Play
1Alexander BarabanovLogan CoutureKevin Labanc0056060%5:01
2Danil GushchinMikael GranlundJesse Ylonen0054040%3:18
Power Play Defense
Line #DefenseDefensePHYDFOFWanted %Time %Time Play
1Rasmus DahlinMarc-Edouard Vlasic0146066%5:30
2Mario FerraroEthan Bear0144034%2:49
Penalty Kill 4 Players Forward
Line #CenterWingPHYDFOFWanted %Time %Time Play
1Logan CoutureAlexander Barabanov050600%0:00
2Mikael GranlundDanil Gushchin050400%0:00
Penalty Kill 4 Players Defense
Line #DefenseDefensePHYDFOFWanted %Time %Time Play
1Mario FerraroEthan Bear050500%0:00
2Jan RuttaNikita Okhotiuk050500%0:00
Penalty Kill 3 Players
Line #WingPHYDFOFWanted %Time %Time PlayDefenseDefensePHYDFOFWanted %Time %Time Play
1Logan Couture050600%0:00 Mario FerraroEthan Bear050500%0:00
2Mikael Granlund050400%0:00 Jan RuttaNikita Okhotiuk050500%0:00
4 vs 4 Forward
Line #CenterWingPHYDFOFWanted %Time %Time Play
1Logan CoutureAlexander Barabanov122600%0:00
2Mikael GranlundDanil Gushchin122400%0:00
4 vs 4 Defense
Line #DefensePHYDFOFWanted %Time %Time Play
1Rasmus DahlinMarc-Edouard Vlasic122600%0:00
2Mario FerraroEthan Bear122400%0:00
Last Minutes Offensive
Left WingCenterRight WingDefenseDefense
Alexander BarabanovLogan CoutureKevin LabancRasmus DahlinMarc-Edouard Vlasic
Last Minutes Defensive
Left WingCenterRight WingDefenseDefense
Alexander BarabanovLogan CoutureKevin LabancRasmus DahlinMarc-Edouard Vlasic
Time
Total ForwardTotal DefenseLast Minutes OffensiveLast Minutes Defensive
60:00 60:00 0:000:00
Extra Forwards
Normal PowerPlayPenalty Kill
Mike Hoffman, Kevin Labanc, Nico SturmMike Hoffman, Kevin LabancMike Hoffman
Extra Defensemen
Normal PowerPlayPenalty Kill
Ethan Bear, Jan Rutta, Nikita OkhotiukEthan Bear, Ethan BearJan Rutta
Penalty Shots
Logan Couture, Alexander Barabanov, Mikael Granlund, Danil Gushchin, Mike Hoffman
Goalie
Kaapo Kahkonen, Martin Jones
Custom OT Lines Forwards
Logan Couture, Alexander Barabanov, Mikael Granlund, Danil Gushchin, Mike Hoffman, Kevin Labanc, Nico Sturm, Luke Kunin, Jesse Ylonen, Fabian Zetterlund
Custom OT Lines Defensemen
Rasmus Dahlin, Marc-Edouard Vlasic, Mario Ferraro, Ethan Bear, Jan Rutta
Scratches
Ty Emberson (Healthy), Nikolai Knyzhov (Healthy)

Chicago Blackhawks

5 vs 5 Forward
Line #Left WingCenterRight WingPHYDFOFWanted %Time %Time Play
1Nick FolignoSam BennettPatrick Kane1223031%16:03
2Taylor HallTyler JohnsonBlake Wheeler1223030%15:44
3Robby FabbriPhilipp KurashevCorey Perry1222222%11:13
4Boris KatchoukKevin StenlundJonatan Berggren1221817%8:41
5 vs 5 Defense
Line #DefenseDefensePHYDFOFWanted %Time %Time Play
1Connor MurphySeth Jones1223636%18:29
2Patrik NemethJarred Tinordi1223332%16:45
3Nick BlankenburgNikita Zaitsev1223130%15:17
4Connor MurphySeth Jones12202%1:10
Power Play Forward
Line #Left WingCenterRight WingPHYDFOFWanted %Time %Time Play
1Taylor HallSam BennettPatrick Kane122600%0:00
2Nick FolignoTyler JohnsonBlake Wheeler122400%0:00
Power Play Defense
Line #DefenseDefensePHYDFOFWanted %Time %Time Play
1Connor MurphyNick Blankenburg122600%0:00
2Seth JonesJarred Tinordi122400%0:00
Penalty Kill 4 Players Forward
Line #CenterWingPHYDFOFWanted %Time %Time Play
1Kevin StenlundBoris Katchouk1226076%6:20
2Philipp KurashevCorey Perry1224024%1:59
Penalty Kill 4 Players Defense
Line #DefenseDefensePHYDFOFWanted %Time %Time Play
1Patrik NemethNikita Zaitsev1226062%5:11
2Jarred TinordiNick Blankenburg1224038%3:08
Penalty Kill 3 Players
Line #WingPHYDFOFWanted %Time %Time PlayDefenseDefensePHYDFOFWanted %Time %Time Play
1Kevin Stenlund122600%0:00 Patrik NemethNikita Zaitsev122600%0:00
2Philipp Kurashev122400%0:00 Jarred TinordiNick Blankenburg122400%0:00
4 vs 4 Forward
Line #CenterWingPHYDFOFWanted %Time %Time Play
1Sam BennettPatrick Kane122600%0:00
2Tyler JohnsonBlake Wheeler122400%0:00
4 vs 4 Defense
Line #DefensePHYDFOFWanted %Time %Time Play
1Connor MurphySeth Jones122600%0:00
2Patrik NemethJarred Tinordi122400%0:00
Last Minutes Offensive
Left WingCenterRight WingDefenseDefense
Taylor HallSam BennettPatrick KaneSeth JonesConnor Murphy
Last Minutes Defensive
Left WingCenterRight WingDefenseDefense
Nick FolignoKevin StenlundCorey PerryConnor MurphyPatrik Nemeth
Time
Total ForwardTotal DefenseLast Minutes OffensiveLast Minutes Defensive
60:00 60:00 0:000:00
Extra Forwards
Normal PowerPlayPenalty Kill
Tyler Johnson, Corey Perry, Philipp KurashevTyler Johnson, Corey PerryPhilipp Kurashev
Extra Defensemen
Normal PowerPlayPenalty Kill
Nick Blankenburg, Nikita Zaitsev, Patrik NemethNick Blankenburg, Nikita ZaitsevPatrik Nemeth
Penalty Shots
Patrick Kane, Blake Wheeler, Sam Bennett, Taylor Hall, Nick Foligno
Goalie
David Rittich, Joonas Korpisalo
Custom OT Lines Forwards
Patrick Kane, Blake Wheeler, Sam Bennett, Taylor Hall, Nick Foligno, Tyler Johnson, Corey Perry, Philipp Kurashev, Robby Fabbri, Jonatan Berggren
Custom OT Lines Defensemen
Seth Jones, Connor Murphy, Nick Blankenburg, Patrik Nemeth, Jarred Tinordi
Scratches
Joey Anderson (Healthy), Sam Carrick (Healthy), Matt Grzelcyk (Strained Back Injury)


Play-by-Play

1st period


0:01 of 1st period - Sam Bennett wins face-off versus Kevin Labanc in neutral zone.
0:26 of 1st period - Seth Jones is hit by Jesse Ylonen and loses puck.
0:47 of 1st period - Fabian Zetterlund is hit by Philipp Kurashev and loses puck.
1:07 of 1st period - Wrist shot by Alexander Barabanov.
1:07 of 1st period - Stopped by David Rittich without a rebound.
1:08 of 1st period - Alexander Barabanov wins face-off versus Kevin Stenlund in Chicago Blackhawks zone.
1:17 of 1st period - Slapshot by Nico Sturm.
1:17 of 1st period - Shot Blocked by Nick Blankenburg.
1:19 of 1st period - Snap shot by Nico Sturm.
1:19 of 1st period - Stopped by David Rittich with a rebound.
1:21 of 1st period - Wrist shot by Nico Sturm.
1:21 of 1st period - Shot Misses the Net.
1:23 of 1st period - Slapshot by Nikita Okhotiuk.
1:23 of 1st period - Deflect By Alexander Barabanov.
1:23 of 1st period - Shot Misses the Net.
1:23 of 1st period - Puck is out of play.
1:24 of 1st period - Logan Couture wins face-off versus Sam Bennett in Chicago Blackhawks zone.
1:29 of 1st period - Slapshot by Rasmus Dahlin.
1:29 of 1st period - Shot Blocked by Sam Bennett.
2:34 of 1st period - Wrist shot by Alexander Barabanov.
2:34 of 1st period - Stopped by David Rittich with a rebound.
3:28 of 1st period - Snap shot by Fabian Zetterlund.
3:28 of 1st period - Stopped by David Rittich without a rebound.
3:29 of 1st period - Philipp Kurashev wins face-off versus Mike Hoffman in Chicago Blackhawks zone.
3:56 of 1st period - Slapshot by Robby Fabbri.
3:56 of 1st period - Shot Misses the Net.
3:58 of 1st period - Snap shot by Jarred Tinordi.
3:58 of 1st period - Stopped by Kaapo Kahkonen without a rebound.
3:59 of 1st period - Kevin Labanc wins face-off versus Sam Bennett in San Jose Sharks zone.
5:23 of 1st period - Snap shot by Alexander Barabanov.
5:23 of 1st period - Deflect By Nico Sturm.
5:23 of 1st period - Shot Blocked by Jarred Tinordi.
5:23 of 1st period - Puck is out of play.
5:24 of 1st period - Sam Bennett wins face-off versus Logan Couture in Chicago Blackhawks zone.
6:02 of 1st period - Slapshot by Danil Gushchin.
6:02 of 1st period - Stopped by David Rittich with a rebound.
6:18 of 1st period - Wrist shot by Fabian Zetterlund.
6:18 of 1st period - Stopped by David Rittich with a rebound.
6:34 of 1st period - Patrik Nemeth is hit by Nico Sturm and loses puck.
7:28 of 1st period - Wrist shot by Blake Wheeler.
7:28 of 1st period - Stopped by Kaapo Kahkonen with a rebound.
7:31 of 1st period - Icing by Rasmus Dahlin.
7:32 of 1st period - Kevin Stenlund wins face-off versus Mikael Granlund in San Jose Sharks zone.
7:33 of 1st period - Wrist shot by Jonatan Berggren.
7:33 of 1st period - Stopped by Kaapo Kahkonen without a rebound.
7:34 of 1st period - Kevin Stenlund wins face-off versus Mikael Granlund in San Jose Sharks zone.
7:37 of 1st period - Backhand shot by Boris Katchouk.
7:37 of 1st period - Stopped by Kaapo Kahkonen with a rebound.
8:01 of 1st period - Tyler Johnson is hit by Rasmus Dahlin and loses puck.
8:10 of 1st period - Snap shot by Alexander Barabanov.
8:10 of 1st period - Shot Misses the Net.
8:12 of 1st period - Slapshot by Jan Rutta.
8:12 of 1st period - Stopped by David Rittich without a rebound.
8:13 of 1st period - Philipp Kurashev wins face-off versus Mikael Granlund in Chicago Blackhawks zone.
8:13 of 1st period - Philipp Kurashev is hit by Nikita Okhotiuk.
8:27 of 1st period - Slapshot by Philipp Kurashev.
8:27 of 1st period - Stopped by Kaapo Kahkonen without a rebound.
8:28 of 1st period - Logan Couture wins face-off versus Tyler Johnson in San Jose Sharks zone.
10:25 of 1st period - Icing by Nikita Okhotiuk.
10:26 of 1st period - Patrick Kane wins face-off versus Fabian Zetterlund in San Jose Sharks zone.
11:14 of 1st period - Off-side.
11:15 of 1st period - Philipp Kurashev wins face-off versus Mikael Granlund in neutral zone.
11:30 of 1st period - Connor Murphy is hit by Jesse Ylonen and loses puck.
11:53 of 1st period - Wrist shot by Logan Couture.
11:53 of 1st period - Stopped by David Rittich with a rebound.
13:07 of 1st period - Snap shot by Mike Hoffman.
13:07 of 1st period - Stopped by David Rittich with a rebound.
13:54 of 1st period - Slapshot by Jonatan Berggren.
13:54 of 1st period - Shot Misses the Net.
13:56 of 1st period - Slapshot by Kevin Stenlund.
13:56 of 1st period - Deflect By Jonatan Berggren.
13:56 of 1st period - Stopped by Kaapo Kahkonen with a rebound.
13:58 of 1st period - Wrist shot by Kevin Stenlund.
13:58 of 1st period - Shot Blocked by Fabian Zetterlund.
14:00 of 1st period - Slapshot by Kevin Stenlund.
14:00 of 1st period - Deflect By Mike Hoffman.
14:00 of 1st period - Stopped by Kaapo Kahkonen without a rebound.
14:01 of 1st period - Tyler Johnson wins face-off versus Logan Couture in San Jose Sharks zone.
15:43 of 1st period - Backhand shot by Robby Fabbri.
15:43 of 1st period - Shot Misses the Net.
15:59 of 1st period - Wrist shot by Danil Gushchin.
15:59 of 1st period - Stopped by David Rittich with a rebound.
16:11 of 1st period - Givani Smith is hit by Nick Foligno and loses puck.
16:45 of 1st period - Tyler Johnson is hit by Mario Ferraro.
17:08 of 1st period - Slapshot by Robby Fabbri.
17:08 of 1st period - Shot Misses the Net.
17:30 of 1st period - Kevin Stenlund is hit by Fabian Zetterlund and loses puck.
18:21 of 1st period - Filip Zadina is hit by Philipp Kurashev and loses puck.
18:26 of 1st period - Slapshot by Robby Fabbri.
18:26 of 1st period - Stopped by Kaapo Kahkonen without a rebound.
18:27 of 1st period - Tyler Johnson wins face-off versus Fabian Zetterlund in San Jose Sharks zone.
18:38 of 1st period - Snap shot by Tyler Johnson.
18:38 of 1st period - Shot Misses the Net.
18:54 of 1st period - Filip Zadina is hit by Jarred Tinordi and loses puck.
19:14 of 1st period - Off-side.
19:15 of 1st period - Logan Couture wins face-off versus Kevin Stenlund in neutral zone.
19:17 of 1st period - Off-side.
19:18 of 1st period - Kevin Stenlund wins face-off versus Kevin Labanc in neutral zone.
19:29 of 1st period - Snap shot by Seth Jones.
19:29 of 1st period - Stopped by Kaapo Kahkonen with a rebound.
19:31 of 1st period - Slapshot by Seth Jones.
19:31 of 1st period - Deflect By Jonatan Berggren.
19:31 of 1st period - Shot Blocked by Ethan Bear.
19:31 of 1st period - Puck is out of play.
19:32 of 1st period - Tyler Johnson wins face-off versus Logan Couture in San Jose Sharks zone.
19:59 of 1st period - Jarred Tinordi is hit by Danil Gushchin.
Goals for this period are 0 for San Jose Sharks vs 0 for Chicago Blackhawks.
Shots for this period are 10 for San Jose Sharks vs 9 for Chicago Blackhawks.

2nd period


0:01 of 2nd period - Sam Bennett wins face-off versus Logan Couture in neutral zone.
0:52 of 2nd period - Mario Ferraro is hit by Patrik Nemeth and loses puck.
1:52 of 2nd period - Fabian Zetterlund is hit by Blake Wheeler and loses puck.
1:57 of 2nd period - Wrist shot by Tyler Johnson.
1:57 of 2nd period - Stopped by Kaapo Kahkonen with a rebound.
1:59 of 2nd period - Wrist shot by Taylor Hall.
1:59 of 2nd period - Stopped by Kaapo Kahkonen without a rebound.
2:00 of 2nd period - Kevin Labanc wins face-off versus Nick Foligno in San Jose Sharks zone.
2:36 of 2nd period - Wrist shot by Taylor Hall.
2:36 of 2nd period - Goal by Taylor Hall - San Jose Sharks : 0 - Chicago Blackhawks : 1.
2:37 of 2nd period - Logan Couture wins face-off versus Philipp Kurashev in neutral zone.
2:44 of 2nd period - Snap shot by Logan Couture.
2:44 of 2nd period - Stopped by David Rittich with a rebound.
2:46 of 2nd period - Slapshot by Ethan Bear.
2:46 of 2nd period - Shot Misses the Net.
2:48 of 2nd period - Wrist shot by Alexander Barabanov.
2:48 of 2nd period - Shot Blocked by Connor Murphy.
2:50 of 2nd period - Slapshot by Ethan Bear.
2:50 of 2nd period - Shot Misses the Net.
2:52 of 2nd period - Snap shot by Kevin Labanc.
2:52 of 2nd period - Shot Blocked by Seth Jones.
2:54 of 2nd period - Snap shot by Logan Couture.
2:54 of 2nd period - Stopped by David Rittich with a rebound.
3:04 of 2nd period - Connor Murphy is hit by Mikael Granlund.
3:07 of 2nd period - Off-side.
3:08 of 2nd period - Mikael Granlund wins face-off versus Tyler Johnson in neutral zone.
3:28 of 2nd period - Jarred Tinordi is hit by Danil Gushchin and loses puck.
3:37 of 2nd period - Snap shot by Blake Wheeler.
3:37 of 2nd period - Shot Misses the Net.
3:39 of 2nd period - Wrist shot by Blake Wheeler.
3:39 of 2nd period - Shot Misses the Net.
3:51 of 2nd period - Wrist shot by Blake Wheeler.
3:51 of 2nd period - Shot Misses the Net.
3:53 of 2nd period - Snap shot by Tyler Johnson.
3:53 of 2nd period - Stopped by Kaapo Kahkonen without a rebound.
3:54 of 2nd period - Sam Bennett wins face-off versus Logan Couture in San Jose Sharks zone.
4:53 of 2nd period - Snap shot by Boris Katchouk.
4:53 of 2nd period - Stopped by Kaapo Kahkonen without a rebound.
4:54 of 2nd period - Sam Bennett wins face-off versus Logan Couture in San Jose Sharks zone.
5:11 of 2nd period - Slapshot by Rasmus Dahlin.
5:11 of 2nd period - Deflect By Patrick Kane.
5:11 of 2nd period - Stopped by David Rittich without a rebound.
5:12 of 2nd period - Mikael Granlund wins face-off versus Philipp Kurashev in Chicago Blackhawks zone.
5:19 of 2nd period - Wrist shot by Mikael Granlund.
5:19 of 2nd period - Shot Misses the Net.
5:21 of 2nd period - Snap shot by Danil Gushchin.
5:21 of 2nd period - Stopped by David Rittich without a rebound.
5:22 of 2nd period - Mikael Granlund wins face-off versus Philipp Kurashev in Chicago Blackhawks zone.
5:31 of 2nd period - Snap shot by Danil Gushchin.
5:31 of 2nd period - Stopped by David Rittich with a rebound.
5:41 of 2nd period - Snap shot by Mikael Granlund.
5:41 of 2nd period - Goal by Mikael Granlund - San Jose Sharks : 1 - Chicago Blackhawks : 1.
5:42 of 2nd period - Sam Bennett wins face-off versus Logan Couture in neutral zone.
6:08 of 2nd period - Patrik Nemeth is hit by Rasmus Dahlin and loses puck.
6:15 of 2nd period - Slapshot by Sam Bennett.
6:15 of 2nd period - Goal by Sam Bennett - San Jose Sharks : 1 - Chicago Blackhawks : 2.
6:16 of 2nd period - Logan Couture wins face-off versus Blake Wheeler in neutral zone.
6:19 of 2nd period - Connor Murphy is hit by Rasmus Dahlin.
6:25 of 2nd period - Wrist shot by Taylor Hall.
6:25 of 2nd period - Shot Misses the Net.
6:27 of 2nd period - Snap shot by Tyler Johnson.
6:27 of 2nd period - Shot Misses the Net.
6:31 of 2nd period - Snap shot by Tyler Johnson.
6:31 of 2nd period - Shot Misses the Net.
6:33 of 2nd period - Snap shot by Tyler Johnson.
6:33 of 2nd period - Stopped by Kaapo Kahkonen with a rebound.
7:06 of 2nd period - Slapshot by Mike Hoffman.
7:06 of 2nd period - Stopped by David Rittich with a rebound.
7:08 of 2nd period - Wrist shot by Filip Zadina.
7:08 of 2nd period - Stopped by David Rittich with a rebound.
7:10 of 2nd period - Wrist shot by Fabian Zetterlund.
7:10 of 2nd period - Shot Blocked by Philipp Kurashev.
7:12 of 2nd period - Slapshot by Marc-Edouard Vlasic.
7:12 of 2nd period - Deflect By Mike Hoffman.
7:12 of 2nd period - Stopped by David Rittich with a rebound.
7:14 of 2nd period - Snap shot by Filip Zadina.
7:14 of 2nd period - Stopped by David Rittich with a rebound.
7:16 of 2nd period - Snap shot by Fabian Zetterlund.
7:16 of 2nd period - Shot Misses the Net.
7:30 of 2nd period - Wrist shot by Boris Katchouk.
7:30 of 2nd period - Stopped by Kaapo Kahkonen with a rebound.
7:36 of 2nd period - Patrik Nemeth is hit by Givani Smith.
8:08 of 2nd period - Danil Gushchin is hit by Sam Bennett and loses puck.
8:40 of 2nd period - Wrist shot by Robby Fabbri.
8:40 of 2nd period - Stopped by Kaapo Kahkonen without a rebound.
8:41 of 2nd period - Tyler Johnson wins face-off versus Logan Couture in San Jose Sharks zone.
9:11 of 2nd period - Icing by Connor Murphy.
9:12 of 2nd period - Mike Hoffman wins face-off versus Sam Bennett in Chicago Blackhawks zone.
9:19 of 2nd period - Slapshot by Rasmus Dahlin.
9:19 of 2nd period - Shot Misses the Net.
9:27 of 2nd period - Slapshot by Rasmus Dahlin.
9:27 of 2nd period - Deflect By Mike Hoffman.
9:27 of 2nd period - Shot Blocked by Nick Foligno.
9:27 of 2nd period - Puck is out of play.
9:28 of 2nd period - Logan Couture wins face-off versus Tyler Johnson in Chicago Blackhawks zone.
10:01 of 2nd period - Wrist shot by Sam Bennett.
10:01 of 2nd period - Stopped by Kaapo Kahkonen with a rebound.
10:03 of 2nd period - Wrist shot by Patrick Kane.
10:03 of 2nd period - Stopped by Kaapo Kahkonen without a rebound.
10:04 of 2nd period - Philipp Kurashev wins face-off versus Logan Couture in San Jose Sharks zone.
10:05 of 2nd period - Snap shot by Robby Fabbri.
10:05 of 2nd period - Shot Misses the Net.
10:07 of 2nd period - Slapshot by Nikita Zaitsev.
10:07 of 2nd period - Stopped by Kaapo Kahkonen with a rebound.
10:09 of 2nd period - Backhand shot by Corey Perry.
10:09 of 2nd period - Stopped by Kaapo Kahkonen without a rebound.
10:10 of 2nd period - Philipp Kurashev wins face-off versus Logan Couture in San Jose Sharks zone.
10:23 of 2nd period - Slapshot by Philipp Kurashev.
10:23 of 2nd period - Stopped by Kaapo Kahkonen with a rebound.
10:25 of 2nd period - Wrist shot by Corey Perry.
10:25 of 2nd period - Deflect By Robby Fabbri.
10:25 of 2nd period - Stopped by Kaapo Kahkonen without a rebound.
10:26 of 2nd period - Mikael Granlund wins face-off versus Tyler Johnson in San Jose Sharks zone.
10:31 of 2nd period - Snap shot by Danil Gushchin.
10:31 of 2nd period - Stopped by David Rittich without a rebound.
10:32 of 2nd period - Tyler Johnson wins face-off versus Danil Gushchin in Chicago Blackhawks zone.
10:32 of 2nd period - Tyler Johnson is hit by Rasmus Dahlin.
10:38 of 2nd period - Marc-Edouard Vlasic is hit by Connor Murphy and loses puck.
11:00 of 2nd period - Wrist shot by Sam Bennett.
11:00 of 2nd period - Shot Blocked by Marc-Edouard Vlasic.
11:05 of 2nd period - Minor Penalty to Nick Foligno for Holding.
11:06 of 2nd period - Logan Couture wins face-off versus Kevin Stenlund in Chicago Blackhawks zone.
11:10 of 2nd period - Slapshot by Rasmus Dahlin.
11:10 of 2nd period - Stopped by David Rittich with a rebound.
11:12 of 2nd period - Slapshot by Marc-Edouard Vlasic.
11:12 of 2nd period - Stopped by David Rittich with a rebound.
11:14 of 2nd period - Wrist shot by Alexander Barabanov.
11:14 of 2nd period - Shot Misses the Net.
11:16 of 2nd period - Snap shot by Alexander Barabanov.
11:16 of 2nd period - Shot Misses the Net.
11:18 of 2nd period - Slapshot by Rasmus Dahlin.
11:18 of 2nd period - Shot Misses the Net.
11:20 of 2nd period - Snap shot by Kevin Labanc.
11:20 of 2nd period - Shot Misses the Net.
11:22 of 2nd period - Snap shot by Logan Couture.
11:22 of 2nd period - Stopped by David Rittich without a rebound.
11:23 of 2nd period - Logan Couture wins face-off versus Kevin Stenlund in Chicago Blackhawks zone.
12:55 of 2nd period - Marc-Edouard Vlasic is hit by Sam Bennett and loses puck.
13:05 of 2nd period - Penalty to Nick Foligno is over, Nick Foligno is back on ice.
13:14 of 2nd period - Snap shot by Mike Hoffman.
13:14 of 2nd period - Shot Blocked by Nikita Zaitsev.
13:16 of 2nd period - Slapshot by Marc-Edouard Vlasic.
13:16 of 2nd period - Shot Misses the Net.
13:18 of 2nd period - Wrist shot by Fabian Zetterlund.
13:18 of 2nd period - Goal by Fabian Zetterlund - San Jose Sharks : 2 - Chicago Blackhawks : 2.
13:19 of 2nd period - Blake Wheeler wins face-off versus Alexander Barabanov in neutral zone.
13:32 of 2nd period - Slapshot by Alexander Barabanov.
13:32 of 2nd period - Goal by Alexander Barabanov - San Jose Sharks : 3 - Chicago Blackhawks : 2.
13:33 of 2nd period - Kevin Stenlund wins face-off versus Kevin Labanc in neutral zone.
14:16 of 2nd period - Mikael Granlund is hit by Patrik Nemeth and loses puck.
14:33 of 2nd period - Snap shot by Mike Hoffman.
14:33 of 2nd period - Stopped by David Rittich without a rebound.
14:34 of 2nd period - Mike Hoffman wins face-off versus Philipp Kurashev in Chicago Blackhawks zone.
14:35 of 2nd period - Wrist shot by Fabian Zetterlund.
14:35 of 2nd period - Stopped by David Rittich with a rebound.
15:35 of 2nd period - Snap shot by Mike Hoffman.
15:35 of 2nd period - Stopped by David Rittich with a rebound.
15:44 of 2nd period - Off-side.
15:45 of 2nd period - Sam Bennett wins face-off versus Alexander Barabanov in neutral zone.
15:50 of 2nd period - Snap shot by Sam Bennett.
15:50 of 2nd period - Stopped by Kaapo Kahkonen without a rebound.
15:51 of 2nd period - Logan Couture wins face-off versus Sam Bennett in San Jose Sharks zone.
15:53 of 2nd period - Icing by Rasmus Dahlin.
15:54 of 2nd period - Logan Couture wins face-off versus Philipp Kurashev in San Jose Sharks zone.
17:10 of 2nd period - Off-side.
17:11 of 2nd period - Mikael Granlund wins face-off versus Sam Bennett in neutral zone.
18:29 of 2nd period - Connor Murphy is hit by Marc-Edouard Vlasic and loses puck.
18:46 of 2nd period - Wrist shot by Nico Sturm.
18:46 of 2nd period - Stopped by David Rittich without a rebound.
18:47 of 2nd period - Sam Bennett wins face-off versus Logan Couture in Chicago Blackhawks zone.
18:47 of 2nd period - Sam Bennett is hit by Kevin Labanc.
18:52 of 2nd period - Off-side.
18:53 of 2nd period - Tyler Johnson wins face-off versus Alexander Barabanov in neutral zone.
19:31 of 2nd period - Danil Gushchin is hit by Corey Perry and loses puck.
19:48 of 2nd period - Backhand shot by Patrick Kane.
19:48 of 2nd period - Shot Misses the Net.
19:50 of 2nd period - Slapshot by Patrick Kane.
19:50 of 2nd period - Stopped by Kaapo Kahkonen without a rebound.
19:51 of 2nd period - Logan Couture wins face-off versus Jonatan Berggren in San Jose Sharks zone.
Goals for this period are 3 for San Jose Sharks vs 2 for Chicago Blackhawks.
Shots for this period are 20 for San Jose Sharks vs 17 for Chicago Blackhawks.

3rd period


0:01 of 3rd period - Logan Couture wins face-off versus Tyler Johnson in neutral zone.
0:27 of 3rd period - Off-side.
0:28 of 3rd period - Sam Bennett wins face-off versus Mikael Granlund in neutral zone.
0:54 of 3rd period - Alexander Barabanov is hit by Kevin Stenlund and loses puck.
2:43 of 3rd period - Snap shot by Mikael Granlund.
2:43 of 3rd period - Stopped by David Rittich with a rebound.
2:45 of 3rd period - Slapshot by Jan Rutta.
2:45 of 3rd period - Stopped by David Rittich with a rebound.
2:52 of 3rd period - Minor Penalty to Connor Murphy for Slashing.
2:53 of 3rd period - Kevin Stenlund wins face-off versus Logan Couture in Chicago Blackhawks zone.
2:53 of 3rd period - Kevin Stenlund is hit by Kevin Labanc.
4:51 of 3rd period - Snap shot by Sam Bennett.
4:51 of 3rd period - Shot Misses the Net.
4:52 of 3rd period - Penalty to Connor Murphy is over, Connor Murphy is back on ice.
4:53 of 3rd period - Wrist shot by Robby Fabbri.
4:53 of 3rd period - Shot Misses the Net.
4:55 of 3rd period - Snap shot by Sam Bennett.
4:55 of 3rd period - Shot Blocked by Rasmus Dahlin.
4:57 of 3rd period - Wrist shot by Sam Bennett.
4:57 of 3rd period - Stopped by Kaapo Kahkonen without a rebound.
4:58 of 3rd period - Mike Hoffman wins face-off versus Tyler Johnson in San Jose Sharks zone.
5:06 of 3rd period - Off-side.
5:07 of 3rd period - Mike Hoffman wins face-off versus Tyler Johnson in neutral zone.
5:16 of 3rd period - Slapshot by Mike Hoffman.
5:16 of 3rd period - Stopped by David Rittich with a rebound.
5:18 of 3rd period - Snap shot by Filip Zadina.
5:18 of 3rd period - Goal by Filip Zadina - San Jose Sharks : 4 - Chicago Blackhawks : 2.
5:19 of 3rd period - Logan Couture wins face-off versus Sam Bennett in neutral zone.
5:54 of 3rd period - Wrist shot by Blake Wheeler.
5:54 of 3rd period - Shot Blocked by Rasmus Dahlin.
5:56 of 3rd period - Snap shot by Taylor Hall.
5:56 of 3rd period - Stopped by Kaapo Kahkonen with a rebound.
5:58 of 3rd period - Wrist shot by Nick Blankenburg.
5:58 of 3rd period - Stopped by Kaapo Kahkonen with a rebound.
6:33 of 3rd period - Jan Rutta is hit by Patrik Nemeth and loses puck.
6:38 of 3rd period - Snap shot by Jonatan Berggren.
6:38 of 3rd period - Shot Misses the Net.
6:40 of 3rd period - Wrist shot by Jonatan Berggren.
6:40 of 3rd period - Stopped by Kaapo Kahkonen with a rebound.
6:42 of 3rd period - Slapshot by Seth Jones.
6:42 of 3rd period - Stopped by Kaapo Kahkonen without a rebound.
6:43 of 3rd period - Mikael Granlund wins face-off versus Sam Bennett in San Jose Sharks zone.
6:54 of 3rd period - Slapshot by Danil Gushchin.
6:54 of 3rd period - Shot Misses the Net.
6:56 of 3rd period - Slapshot by Ethan Bear.
6:56 of 3rd period - Shot Blocked by Connor Murphy.
6:58 of 3rd period - Snap shot by Jesse Ylonen.
6:58 of 3rd period - Stopped by David Rittich with a rebound.
7:00 of 3rd period - Slapshot by Mario Ferraro.
7:00 of 3rd period - Stopped by David Rittich with a rebound.
7:42 of 3rd period - Slapshot by Seth Jones.
7:42 of 3rd period - Shot Misses the Net.
8:46 of 3rd period - Nikita Zaitsev is hit by Mike Hoffman and loses puck.
8:59 of 3rd period - Wrist shot by Patrick Kane.
8:59 of 3rd period - Shot Misses the Net.
9:33 of 3rd period - Snap shot by Boris Katchouk.
9:33 of 3rd period - Stopped by Kaapo Kahkonen with a rebound.
9:35 of 3rd period - Snap shot by Jonatan Berggren.
9:35 of 3rd period - Stopped by Kaapo Kahkonen with a rebound.
9:37 of 3rd period - Snap shot by Jarred Tinordi.
9:37 of 3rd period - Deflect By Fabian Zetterlund.
9:37 of 3rd period - Stopped by Kaapo Kahkonen with a rebound.
9:39 of 3rd period - Snap shot by Jarred Tinordi.
9:39 of 3rd period - Stopped by Kaapo Kahkonen with a rebound.
9:43 of 3rd period - Wrist shot by Jonatan Berggren.
9:43 of 3rd period - Deflect By Kevin Stenlund.
9:43 of 3rd period - Stopped by Kaapo Kahkonen with a rebound.
9:45 of 3rd period - Snap shot by Kevin Stenlund.
9:45 of 3rd period - Stopped by Kaapo Kahkonen with a rebound.
10:05 of 3rd period - Minor Penalty to Corey Perry for Tripping.
10:06 of 3rd period - Logan Couture wins face-off versus Kevin Stenlund in Chicago Blackhawks zone.
11:12 of 3rd period - Mikael Granlund is hit by Philipp Kurashev and loses puck.
11:34 of 3rd period - Philipp Kurashev is hit by Logan Couture and loses puck.
12:05 of 3rd period - Penalty to Corey Perry is over, Corey Perry is back on ice.
12:47 of 3rd period - Off-side.
12:48 of 3rd period - Philipp Kurashev wins face-off versus Mike Hoffman in neutral zone.
12:50 of 3rd period - Minor Penalty to Corey Perry for Tripping.
12:51 of 3rd period - Kevin Stenlund wins face-off versus Logan Couture in Chicago Blackhawks zone.
12:57 of 3rd period - Marc-Edouard Vlasic is hit by Boris Katchouk and loses puck.
13:05 of 3rd period - Off-side.
13:06 of 3rd period - Logan Couture wins face-off versus Kevin Stenlund in neutral zone.
13:39 of 3rd period - Off-side.
13:40 of 3rd period - Mikael Granlund wins face-off versus Robby Fabbri in neutral zone.
14:50 of 3rd period - Penalty to Corey Perry is over, Corey Perry is back on ice.
14:55 of 3rd period - Robby Fabbri is hit by Jesse Ylonen and loses puck.
15:32 of 3rd period - Fabian Zetterlund is hit by Seth Jones and loses puck.
16:42 of 3rd period - Minor Penalty to Patrik Nemeth for Hooking.
16:43 of 3rd period - Logan Couture wins face-off versus Kevin Stenlund in Chicago Blackhawks zone.
16:51 of 3rd period - Snap shot by Rasmus Dahlin.
16:51 of 3rd period - Shot Misses the Net.
16:53 of 3rd period - Snap shot by Kevin Labanc.
16:53 of 3rd period - Stopped by David Rittich with a rebound.
16:55 of 3rd period - Snap shot by Marc-Edouard Vlasic.
16:55 of 3rd period - Shot Blocked by Nick Blankenburg.
16:57 of 3rd period - Backhand shot by Alexander Barabanov.
16:57 of 3rd period - Shot Hit the Post.
16:59 of 3rd period - Slapshot by Marc-Edouard Vlasic.
16:59 of 3rd period - Goal by Marc-Edouard Vlasic - San Jose Sharks : 5 - Chicago Blackhawks : 2.
17:00 of 3rd period - Kevin Labanc wins face-off versus Sam Bennett in neutral zone.
17:03 of 3rd period - Sam Bennett is hit by Kevin Labanc and loses puck.
17:16 of 3rd period - Wrist shot by Alexander Barabanov.
17:16 of 3rd period - Shot Blocked by Sam Bennett.
17:26 of 3rd period - Nick Foligno is hit by Rasmus Dahlin and loses puck.
18:13 of 3rd period - Slapshot by Seth Jones.
18:13 of 3rd period - Shot Blocked by Nikita Okhotiuk.
18:15 of 3rd period - Snap shot by Connor Murphy.
18:15 of 3rd period - Shot Misses the Net.
18:19 of 3rd period - Snap shot by Tyler Johnson.
18:19 of 3rd period - Shot Misses the Net.
18:21 of 3rd period - Snap shot by Taylor Hall.
18:21 of 3rd period - Shot Blocked by Nikita Okhotiuk.
18:23 of 3rd period - Snap shot by Tyler Johnson.
18:23 of 3rd period - Shot Misses the Net.
18:34 of 3rd period - Minor Penalty to Corey Perry for Hooking.
18:35 of 3rd period - Logan Couture wins face-off versus Kevin Stenlund in Chicago Blackhawks zone.
18:36 of 3rd period - Slapshot by Alexander Barabanov.
18:36 of 3rd period - Deflect By Kevin Labanc.
18:36 of 3rd period - Shot Misses the Net.
18:36 of 3rd period - Puck is out of play.
18:37 of 3rd period - Logan Couture wins face-off versus Boris Katchouk in Chicago Blackhawks zone.
18:40 of 3rd period - Snap shot by Logan Couture.
18:40 of 3rd period - Goal by Logan Couture - San Jose Sharks : 6 - Chicago Blackhawks : 2.
18:41 of 3rd period - Logan Couture wins face-off versus Tyler Johnson in neutral zone.
19:08 of 3rd period - Mikael Granlund is hit by Corey Perry and loses puck.
19:19 of 3rd period - Snap shot by Robby Fabbri.
19:19 of 3rd period - Stopped by Kaapo Kahkonen without a rebound.
19:20 of 3rd period - Tyler Johnson wins face-off versus Logan Couture in San Jose Sharks zone.
19:27 of 3rd period - Snap shot by Tyler Johnson.
19:27 of 3rd period - Shot Misses the Net.
19:29 of 3rd period - Snap shot by Taylor Hall.
19:29 of 3rd period - Shot Misses the Net.
Goals for this period are 3 for San Jose Sharks vs 0 for Chicago Blackhawks.
Shots for this period are 9 for San Jose Sharks vs 12 for Chicago Blackhawks.